 Dungeon Crawl Stone Soup version 0.21.1-1-g345015f (webtiles) character file.

58 s04p the Ruffian (level 4, 0/39 HPs)
             Began as a Ghoul Monk on Feb 12, 2018.
             Slain by a rat (1 damage)
             ... on level 2 of the Dungeon.
             The game lasted 00:03:05 (939 turns).

s04p the Ruffian (Ghoul Monk)                        Turns: 939, Time: 00:03:06

Health: 0/39       AC:  2    Str: 15    XL:     4   Next: 1%
Magic:  3/3        EV: 13    Int:  5    God:
Gold:   54         SH:  0    Dex: 11    Spells: 3/3 levels left

rFire    . . .     SeeInvis .     - Unarmed
rCold    + . .     Gourm    .   (no shield)
rNeg     + + +     Faith    .   a - +0 robe
rPois    ∞         Spirit   .   (no helmet)
rElec    .         Reflect  .   (no cloak)
rCorr    .         Harm     .   (no gloves)
MR       .....                  (no boots)
Stlth    ++........             (no amulet)
HPRegen  0.00/turn              (no ring)
MPRegen  0.08/turn              (no ring)

@: rotting
A: rotting body, claws 1, carnivore, cold resistance 1, negative energy
resistance 3, inhibited regeneration, torment resistance, unbreathing
a: no special abilities


You were on level 2 of the Dungeon.
You were not hungry.

You visited 1 branch of the dungeon, and saw 2 of its levels.

You collected 54 gold pieces.

Inventory:

Armour
 a - a +0 robe (worn)
Scrolls
 d - 3 scrolls of enchant weapon {unknown}
 g - a scroll of immolation {unknown}
 h - a scroll of identify {unknown}
Potions
 c - a potion of flight {unknown}
 f - a potion of magic {unknown}
 j - a potion of haste {unknown}
Comestibles
 b - 3 rations


   Skills:
 + Level 3.6 Fighting
 + Level 3.4 Dodging
 + Level 2.4 Stealth
 + Level 4.1 Unarmed Combat


You had 3 spell levels left.
You didn't know any spells.

Dungeon Overview and Level Annotations

Branches:
Dungeon (2/15)

Altars:

Annotations:
D:2 Terence


Innate Abilities, Weirdness & Mutations

Your body is rotting away.
You thrive on raw meat.
You are immune to poison.
You have sharp fingernails.
You are carnivorous and can eat meat at any time.
Your flesh is cold resistant. (rC+)
You are immune to negative energy. (rN+++)
You do not regenerate when monsters are visible.
You are immune to unholy pain and torment.
You can survive without breathing.


Message History

* * * LOW HITPOINT WARNING * * *
You claw the adder!
You kill the adder!
You have reached level 4!
The frilled lizard misses you.
The jackal barks!
You scratch the frilled lizard.
The frilled lizard is heavily wounded.
The rat completely misses you. The frilled lizard barely misses you.
You scratch the frilled lizard but do no damage.
The frilled lizard is heavily wounded.
The rat closely misses you. The frilled lizard bites you.
* * * LOW HITPOINT WARNING * * *
A dart slug comes into view.
You closely miss the frilled lizard.
The frilled lizard is heavily wounded.
The rat misses you. The frilled lizard misses you. The jackal misses you.
Terence the Incautious comes into view.
He is wielding a hand axe of flaming.
You closely miss the rat. The rat bites you.
You die...

#..........
#..w......#
#.........## .
##..........#.
..#.............
...?........#..#
......hl........
##..hr@.......#
@.......†....#.
.#...........#
##..........#
......?....##
.####......##
.......#
.$......!
#..........


You could see Terence (wandering), a dart slug, 2 jackals, a frilled lizard and
a rat.

Vanquished Creatures
  An adder (D:2)
  An ooze (D:1)
  3 dart slugs
  A bat (D:1)
  5 giant cockroaches (D:1)
  2 goblins
  3 hobgoblins (D:1)
  12 jackals
  A frilled lizard (D:1)
  3 kobolds (D:1)
  2 rats (D:1)
34 creatures vanquished.

Notes
Turn   | Place    | Note
-------+----------+-------------------------------------------
     0 | D:1      | s04p the Ghoul Monk began the quest for the Orb.
     0 | D:1      | Reached XP level 1. HP: 19/19 MP: 0/0
     1 | D:1      | Found a runed door.
   245 | D:1      | Reached XP level 2. HP: 26/26 MP: 1/1
   569 | D:1      | Reached XP level 3. HP: 29/31 MP: 2/2
   864 | D:1      | Reached skill level 4 in Unarmed Combat
   879 | D:1      | HP: 1/31 [jackal (3)]
   935 | D:2      | Reached XP level 4. HP: 2/39 MP: 3/3
   937 | D:2      | HP: 1/39 [frilled lizard (1)]
   939 | D:2      | Noticed Terence
   939 | D:2      | Slain by a rat

Skill      XL: |  1  2  3 |
---------------+----------+-----
Dodging        | 3 |  3.4
Unarmed Combat | 4 |  4.1
Fighting       | |  3.6
Stealth        | |  2.4

Action                   |  1- 3 |  4- 6 || total
-------------------------+-------+-------++-------
Melee: Unarmed           |   122 |     4 ||   126
       Punch             |     2 |       ||     2
  Use: Potion            |     2 |       ||     2
 Stab: Sleeping          |     1 |       ||     1
  Eat: Chunk             |     5 |       ||     5
Armor: Robe              |    21 |       ||    21
Dodge: Dodged            |    97 |     7 ||   104
